 Dungeon Sprint DCSS version 0.29-a0-512-gf59ac788ac (webtiles) character file.

Game seed: 6034563723582867522

23192 mhtbhm the Brawler (level 12, -4/119 HPs)
             Began as a Troll Transmuter on May 30, 2022.
             Was an Initiate of Gozag.
             Slain by a +1 dire flail of protection (17 damage)
             ... in the Dungeon (Sprint III: "The Ten Rune Challenge").
             The game lasted 00:16:23 (3504 turns).

mhtbhm the Brawler (Troll Transmuter)               Turns: 3504, Time: 00:16:23

Health: -4/119     AC: 11    Str: 18    XL:     12   Next: 69%
Magic:  25/25      EV: 12    Int: 18    God:    Gozag
Gold:   165        SH:  5    Dex: 10    Spells: 10/31 levels left

rFire   + . .      SeeInvis +     - Unarmed
rCold   + . .      Faith    .   (no shield)
rNeg    + . .      Spirit   .   a - +2 robe {rF+}
rPois   .          Reflect  +   r - +2 hat
rElec   +          Harm     .   d - +0 cloak
rCorr   .          Rampage  .   (gloves unavailable)
Will    .....      NoTele   +   (boots unavailable)
Stlth   ++........              A - amulet of reflection
HPRegen 1.09/turn               x - ring of positive energy
MPRegen 0.19/turn               B - ring "Luaven" {Fly rElec Str-3 Int+5 SInv}

@: gold aura, flying, hasted, very quick
A: large, unfitting armour, claws 3, regeneration 1, shaggy fur 1, tough skin 1,
horns 1, talons 1, iridescent scales 1, cold resistance 1
a: Renounce Religion, Potion Petition, Call Merchant, Bribe Branch


You were in the Dungeon.
You worshipped Gozag.
Gozag was aware of your devotion.
You visited 1 branch You collected 10671 gold pieces.
You spent 3586 gold pieces at shops.
You paid 6920 gold pieces to Gozag.

Inventory:

Missiles
 e - 7 curare-tipped darts
 p - 6 javelins (quivered)
 q - 2 silver boomerangs
 t - 6 large rocks
Armour
 a - a +2 robe of fire resistance (worn)
 d - a +0 cloak (worn)
 r - a +2 hat (worn)
Jewellery
 x - a ring of positive energy (left claw)
 A - an amulet of reflection (around neck)
 B - the ring "Luaven" (right claw) {Fly rElec Str-3 Int+5 SInv}
   (You bought it in a shop in the Dungeon)

   [ring of flight]

   Str:       It affects your strength (-3).
   Int:       It affects your intelligence (+5).
   rElec:     It insulates you from electricity.
   SInv:      It lets you see invisible.
   Fly:       It grants you flight.
Wands
 i - a wand of digging (6)
 o - a wand of iceblast (3)
Scrolls
 g - a scroll of poison
 k - 3 scrolls of torment
 u - a scroll of magic mapping
 v - 2 scrolls of fog
 y - a scroll of fear
Potions
 b - a potion of lignification
 c - a potion of curing
 f - 3 potions of magic
 h - a potion of haste
 j - 4 potions of flight
 l - 5 potions of mutation
 n - a potion of berserk rage
 s - a potion of attraction
 z - a potion of invisibility
Miscellaneous
 m - a lightning rod (4/4)
 w - a condenser vane


   Skills:
 + Level 7.7 Fighting
 + Level 8.8 Dodging
 + Level 3.6 Stealth
 + Level 20.5 Unarmed Combat
 + Level 10.1 Spellcasting
 + Level 11.3 Transmutations
 + Level 5.8 Ice Magic
 + Level 0.3 Poison Magic
 + Level 3.3 Evocations


You had 10 spell levels left.
You knew the following spells:

 Your Spells              Type           Power      Damage    Failure   Level
a - Beastly Appendage     Tmut           100%       N/A       1%          1
b - Wereblood             Tmut           50%        N/A       1%          2
c - Spider Form           Tmut/Pois      30%        N/A       2%          3
d - Ice Form              Ice/Tmut       40%        N/A       2%          4
e - Statue Form           Tmut/Erth      19%        N/A       75%         6
f - Blade Hands           Tmut           25%        N/A       1%          5

Your spell library contained the following spells:

 Spells                   Type           Power      Damage    Failure   Level
 Petrify                  Tmut/Erth      29%        N/A       8%          4
 Sublimation of Blood     Necr           9%         N/A       12%         2
 Metabolic Englaciation   Hex/Ice        9%         N/A       54%         5
 Animate Armour           Summ/Erth      18%        N/A       61%         4
 Iron Shot                Conj/Erth      4%         9d2       100%        6
 Summon Hydra             Summ           4%         N/A       100%        7


Dungeon Overview and Level Annotations

Branches:
Dungeon (1/1)

Altars:
Cheibriados
Dithmenos
Elyvilon
Fedhas
Gozag
Hepliaklqana
Kikubaaqudgha
Makhleb
Nemelex Xobeh
Okawaru
Qazlal
Ru
Sif Muna
Trog
Uskayaw
Vehumet
Wu Jian
Xom
Yredelemnul
Zin
The Shining One
Beogh
Jiyva
Lugonu

Shops:
D *(:*[[=!:?:*?(*==


Innate Abilities, Weirdness & Mutations

You are too large for most types of armour.
You have claws for hands.
Your natural rate of healing is unusually fast.
You are covered in fur. (AC +1)
You have tough skin. (AC +1)
You have a pair of small horns on your head.
You have sharp toenails.
You are partially covered in iridescent scales. (AC +2)
Your flesh is cold resistant. (rC+)


Message History

You feel much better.
You feel better. Magic courses through your body.
The +2 long sword of holy wrath hits you.
The +2 long sword of holy wrath hits you!
Unknown command.
You shred the +2 long sword of holy wrath!!!
The +2 long sword of holy wrath turns to gold and falls from the air.
You closely miss the +1 dire flail of protection.
You headbutt the +1 dire flail of protection, but do no damage.
Your claws revert to their normal proportions.
The +1 dire flail of protection hits you!
* * * LOW HITPOINT WARNING * * *
Unknown command.
You scratch the +1 dire flail of protection but do no damage.
Your kick misses the +1 dire flail of protection.
You headbutt the +1 dire flail of protection, but do no damage.
The +1 dire flail of protection hits you!!
* * * LOW HITPOINT WARNING * * *
Unknown command.
Okay, then.
Okay, then.
You need at least 400 gold to purchase potions right now!
Unknown command.
You feel better.
The +1 dire flail of protection hits you!
* * * LOW HITPOINT WARNING * * *
The +1 dire flail of protection completely misses you.
Unknown command.
Press: ? - help, v - describe, . - travel, g - get item
Here: a +1 dire flail of protection Item here: 108 gold pieces.
An open door to the Hall of Blades, spattered with blood.
Unknown command.
Okay, then.
You feel yourself speed up.
You block the +1 dire flail of protection's attack.
Unknown command.
The +1 dire flail of protection attacks as you move away!
The +1 dire flail of protection hits you!
You die...
Your body crumbles into a pile of gold.

###.......'..#
##.#.#####.####
#######..'.#.).'.#[.#
......'..#######.'..#
..########.. ..#.####
###.∩⌠⌠∩.#..#..#.#..#
#.#.∩⌠⌠∩.#.#.#.#.'..#
§§#.∩∩.∩.#.....#.#..#
§§#.∩∩∩∩.#.....#@#..+
..#......# #$(∩#..#
§.###''### #..#.#).#
..#.8..8.#)....######
#.#......######
#§.......# .........#
.........# ##########


You could see a +1 dire flail of protection.

Vanquished Creatures
  Frances (D)
  Donald (D)
  A fire dragon (D)
  Erolcha (D)
  A centaur warrior (D)
  Urug (D)
  A lindwurm (D)
  An obsidian statue (D)
  An orc knight (D)
  4 deep elf pyromancers (D)
  2 orc sorcerers (D)
  A deep elf zephyrmancer (D)
  4 crystal guardians (D)
  3 ugly things (D)
  4 statues (D)
  2 cane toads (D)
  A rime drake (D)
  A komodo dragon (D)
  A queen bee (D)
  4 spriggan defenders (D)
  An orc high priest (D)
  2 tyrant leeches (D)
  2 slime creatures (D)
  5 blink frogs (D)
  3 wandering mushrooms (D)
  A shadow (D)
  5 redbacks (D)
  A spatial vortex (D)
  A swamp worm (shapeshifter) (D)
  An orc warrior (D)
  A swamp drake (D)
  5 two-headed ogres (D)
  A necrophage (D)
  A water elemental (D)
  32 killer bees (D)
  A jelly (D)
  6 orc priests (D)
  Crazy Yiuf (D)
  Jessica (D)
  A necromancer (D)
  A wizard (D)
  An orc wizard (D)
  3 humans (D)
  A kobold demonologist (D)
  9 orcs (D)
  An endoplasm (D)
  A hobgoblin (D)
  2 rats (D)
  2 plants (D)
129 creatures vanquished.

Vanquished Creatures (others)
  3 dancing weapons (D)
  9 plants (D)
12 creatures vanquished.

Grand Total: 141 creatures vanquished

Notes
Turn   | Place    | Note
-------+----------+-------------------------------------------
     0 | D        | mhtbhm the Troll Transmuter began the quest for the Orb.
     0 | D        | Reached XP level 1. HP: 18/18 MP: 1/1
    44 | D        | Noticed Jessica
    51 | D        | Killed Jessica
    52 | D        | Reached skill level 1 in Fighting
    52 | D        | Reached skill level 5 in Unarmed Combat
    52 | D        | Reached XP level 2. HP: 21/27 MP: 0/3
   160 | D        | Learned a level 2 spell: Wereblood
   165 | D        | Reached XP level 3. HP: 33/33 MP: 2/4
   192 | D        | Noticed Crazy Yiuf
   206 | D        | Killed Crazy Yiuf
   209 | D        | Reached skill level 6 in Unarmed Combat
   209 | D        | Reached XP level 4. HP: 41/41 MP: 1/6
   269 | D        | Learned a level 3 spell: Spider Form
   287 | D        | Gained mutation: You have sharp toenails. [potion of
                  | mutation]
   287 | D        | Gained mutation: Your flesh is cold resistant. (rC+)
                  | [potion of mutation]
   287 | D        | Gained mutation: You have hidden genetic potential. [potion
                  | of mutation]
   296 | D        | Noticed a water elemental
   304 | D        | Killed a water elemental
   305 | D        | Reached skill level 7 in Unarmed Combat
   344 | D        | Found a basalt altar of Yredelemnul.
   344 | D        | Found a shadowy altar of Dithmenos.
   344 | D        | Found a sacrificial altar of Ru.
   344 | D        | Noticed a necrophage
   350 | D        | Killed a necrophage
   351 | D        | Reached skill level 8 in Unarmed Combat
   351 | D        | Reached XP level 5. HP: 44/48 MP: 3/9
   353 | D        | Gained mutation: You have a pair of large horns on your
                  | head. [hidden potential]
   405 | D        | Noticed a shadow
   415 | D        | Killed a shadow
   416 | D        | Reached skill level 9 in Unarmed Combat
   416 | D        | Reached skill level 5 in Transmutations
   416 | D        | Reached XP level 6. HP: 29/58 MP: 8/11
   429 | D        | Gained mutation: You are partially covered in iridescent
                  | scales. (AC +2) [hidden potential]
   429 | D        | Lost mutation: You have hidden genetic potential. [hidden
                  | potential expressed]
   451 | D        | Learned a level 4 spell: Ice Form
   707 | D        | Found a blossoming altar of Fedhas.
   707 | D        | Found a stormy altar of Qazlal.
   707 | D        | Found a snail-covered altar of Cheibriados.
   707 | D        | Found a burning altar of Makhleb.
   707 | D        | Found a shimmering altar of Xom.
   707 | D        | Noticed a spatial vortex
   708 | D        | Found a hazy altar of Hepliaklqana.
   708 | D        | Found an opulent altar of Gozag.
   708 | D        | Found a sparkling altar of Nemelex Xobeh.
   708 | D        | Found a corrupted altar of Lugonu.
   708 | D        | Found a viscous altar of Jiyva.
   714 | D        | Killed a spatial vortex
   715 | D        | Reached skill level 10 in Unarmed Combat
   721 | D        | Noticed a two-headed ogre
   721 | D        | Noticed a two-headed ogre
   724 | D        | Killed a two-headed ogre
   725 | D        | Reached XP level 7. HP: 66/66 MP: 7/13
   730 | D        | Reached skill level 5 in Spellcasting
   738 | D        | Reached skill level 1 in Ice Magic
   799 | D        | Became a worshipper of Gozag Ym Sagoz the Greedy
   918 | D        | Found a radiant altar of Vehumet.
   918 | D        | Found a shimmering blue altar of Sif Muna.
   918 | D        | Found an ancient bone altar of Kikubaaqudgha.
   921 | D        | Noticed a ynoxinul
   959 | D        | Found a hide-covered altar of Uskayaw.
   959 | D        | Found an iron altar of Okawaru.
   959 | D        | Found a bloodstained altar of Trog.
   959 | D        | Found an ornate altar of the Wu Jian Council.
   959 | D        | Noticed a human
   959 | D        | Noticed a human
   967 | D        | Killed a human
   968 | D        | Reached skill level 11 in Unarmed Combat
   974 | D        | Killed a human
   975 | D        | Reached XP level 8. HP: 75/75 MP: 8/15
   977 | D        | Found a glowing silver altar of Zin.
   977 | D        | Found a glowing golden altar of the Shining One.
   977 | D        | Found a white marble altar of Elyvilon.
   977 | D        | Noticed a deep elf pyromancer
   983 | D        | Killed a deep elf pyromancer
   984 | D        | Reached skill level 12 in Unarmed Combat
  1092 | D        | Noticed a two-headed ogre
  1102 | D        | Killed a two-headed ogre
  1161 | D        | Noticed a two-headed ogre
  1161 | D        | Noticed Erolcha
  1164 | D        | Killed Erolcha
  1165 | D        | Reached skill level 1 in Stealth
  1165 | D        | Reached skill level 13 in Unarmed Combat
  1165 | D        | Reached XP level 9. HP: 84/84 MP: 11/18
  1170 | D        | Killed a two-headed ogre
  1201 | D        | Noticed a wandering mushroom
  1208 | D        | Noticed a wandering mushroom
  1210 | D        | Noticed a wandering mushroom
  1220 | D        | Killed a wandering mushroom
  1221 | D        | Reached skill level 14 in Unarmed Combat
  1227 | D        | Reached skill level 5 in Dodging
  1233 | D        | Noticed a cane toad
  1233 | D        | Noticed a komodo dragon
  1233 | D        | Noticed a cane toad
  1234 | D        | Killed a cane toad
  1235 | D        | Killed a cane toad
  1236 | D        | Reached XP level 10. HP: 94/94 MP: 15/20
  1253 | D        | Reached skill level 15 in Unarmed Combat
  1433 | D        | Noticed a lindwurm
  1441 | D        | Killed a lindwurm
  1507 | D        | Noticed Urug
  1511 | D        | Reached skill level 16 in Unarmed Combat
  1518 | D        | Killed Urug
  1519 | D        | Reached skill level 5 in Fighting
  1835 | D        | Reached XP level 11. HP: 104/104 MP: 16/22
  1843 | D        | Reached skill level 17 in Unarmed Combat
  1854 | D        | Reached skill level 1 in Evocations
  1977 | D        | Noticed an orc knight
  1979 | D        | Found Ohote's Antique Weapon Shop.
  1979 | D        | Noticed an orc sorcerer
  1979 | D        | Noticed an orc sorcerer
  1984 | D        | Killed an orc sorcerer
  1987 | D        | Killed an orc knight
  1988 | D        | Reached skill level 5 in Ice Magic
  1993 | D        | Killed an orc sorcerer
  2043 | D        | Bought a scroll of blinking for 82 gold pieces
  2043 | D        | Bought a +2 hat for 176 gold pieces
  2115 | D        | Noticed a deep elf pyromancer
  2115 | D        | Noticed a deep elf zephyrmancer
  2115 | D        | Noticed a deep elf pyromancer
  2115 | D        | Noticed a deep elf pyromancer
  2115 | D        | Noticed a deep elf pyromancer
  2122 | D        | Killed a deep elf pyromancer
  2126 | D        | Killed a deep elf pyromancer
  2128 | D        | Killed a deep elf zephyrmancer
  2131 | D        | Killed a deep elf pyromancer
  2132 | D        | Reached skill level 18 in Unarmed Combat
  2132 | D        | Reached skill level 10 in Transmutations
  2172 | D        | Noticed a deep elf demonologist
  2236 | D        | Noticed Donald
  2236 | D        | Noticed Frances
  2255 | D        | Killed Frances
  2258 | D        | Killed Donald
  2507 | D        | Bought 2 silver boomerangs for 45 gold pieces
  2507 | D        | Bought a potion of attraction for 45 gold pieces
  2507 | D        | Bought 6 large rocks for 63 gold pieces
  2580 | D        | Noticed an obsidian statue
  2592 | D        | Killed an obsidian statue
  2651 | D        | Found Jutyd's Book Emporium.
  2651 | D        | Found Ylasm's Assorted Antiques.
  2651 | D        | Found Qufoh's Book Boutique.
  2651 | D        | Found Lip Vuri's Jewellery Shoppe.
  2651 | D        | Found Bamuroi's Magic Scroll Boutique.
  2651 | D        | Found Ehorgha's Distillery.
  2651 | D        | Found Jauceuly's Assorted Antiques.
  2651 | D        | Found Puxki Huss's Jewellery Shop.
  2651 | D        | Found Syucade's Antique Weapon Emporium.
  2651 | D        | Found Xupaacei's Antique Armour Emporium.
  2651 | D        | Found Japp's Magic Scroll Boutique.
  2683 | D        | Bought a book of Sloth for 360 gold pieces
  2690 | D        | Learned a level 6 spell: Statue Form
  2751 | D        | Bought a transparent robe for 125 gold pieces
  2751 | D        | Identified the +1 robe "Bytu" {Int+4} (You bought it in a
                  | shop in the Dungeon)
  2761 | D        | Bought a scroll of magic mapping for 35 gold pieces
  2761 | D        | Bought a scroll of fog for 20 gold pieces
  2765 | D        | Bought a scroll of blinking for 97 gold pieces
  2765 | D        | Bought a scroll of fog for 26 gold pieces
  2771 | D        | Bought a scroll of blinking for 172 gold pieces
  2771 | D        | Bought a copper ring for 115 gold pieces
  2771 | D        | Bought a scroll labelled ITAVO NIPO for 23 gold pieces
  2775 | D        | Bought a potion of haste for 100 gold pieces
  2775 | D        | Bought a potion of haste for 100 gold pieces
  2775 | D        | Bought a potion of curing for 30 gold pieces
  2775 | D        | Bought a potion of curing for 30 gold pieces
  2775 | D        | Bought a potion of curing for 30 gold pieces
  2775 | D        | Bought a potion of invisibility for 80 gold pieces
  2795 | D        | Noticed a crystal guardian
  2795 | D        | Noticed a crystal guardian
  2795 | D        | Noticed a crystal guardian
  2795 | D        | Noticed a crystal guardian
  2797 | D        | Killed a crystal guardian
  2798 | D        | Reached XP level 12. HP: 115/115 MP: 14/24
  2812 | D        | Bought a book of Iron for 504 gold pieces
  2823 | D        | Reached skill level 19 in Unarmed Combat
  2989 | D        | Learned a level 5 spell: Blade Hands
  3344 | D        | Noticed a centaur warrior
  3352 | D        | Killed a centaur warrior
  3358 | D        | Noticed a fire dragon
  3367 | D        | Killed a fire dragon
  3368 | D        | Reached skill level 20 in Unarmed Combat
  3392 | D        | Reached skill level 10 in Spellcasting
  3478 | D        | Bought an amulet of reflection for 570 gold pieces
  3478 | D        | Bought the ring "Luaven" {Fly rElec Str-3 Int+5 SInv} for
                  | 758 gold pieces
  3504 | D        | Slain by a +1 dire flail of protection

Illustrated notes

Levels and vault maps discovered:
D:        dungeon_sprint_mu [sprint_mu_entry_cave, sprint_mu_temple_rooms,
          sprint_mu_d1_spiders, sprint_mu_d2_genie, sprint_mu_d3_branching,
          sprint_mu_orc_legion, sprint_mu_elf_gauntlet, sprint_mu_hive_nellie,
          sprint_mu_lair_fedhas, sprint_mu_vaults_butterflies,
          sprint_mu_slime_circle, sprint_mu_swamp_cave, sprint_mu_shoals_kraken,
          sprint_mu_blade_basic, sprint_mu_crypt_fortress,
          sprint_mu_tomb_spiral, sprint_mu_vestibule_basic,
          sprint_mu_gehenna_hellfire, sprint_mu_dis_giant,
          sprint_mu_tartarus_statrot, sprint_mu_cocytus_islands, sprint_mu_zot1]

Skill      XL: |  1  2  3  4  5  6  7  8  9 10 11 12 |
---------------+-------------------------------------+-----
Fighting       | 1 2 3 4 5 6 7 |  7.7
Dodging        | 2 3 4 5 6 7 8 |  8.8
Unarmed Combat | 5 6 8 9 10 11 13 14 16 18 20 | 20.5
Transmutations | 2 4 5 6 7 8 9 10 11 | 11.3
Spellcasting   | 2 3 4 5 6 7 8 9 10 | 10.1
Ice Magic      | 1 3 4 5 |  5.8
Stealth        | 1 2 3 |  3.6
Evocations     | 3 |  3.3
Poison Magic   | |  0.3

Action                   |  1- 3 |  4- 6 |  7- 9 | 10-12 || total
-------------------------+-------+-------+-------+-------++-------
Melee: Unarmed           |    14 |    27 |    54 |   245 ||   340
       Punch             |     1 |     2 |       |    13 ||    16
       Headbutt          |     2 |     5 |       |    26 ||    33
       Kick              |     1 |     5 |       |    36 ||    42
 Cast: Beastly Appendage |     3 |     3 |       |       ||     6
       Wereblood         |     1 |     4 |     5 |    13 ||    23
       Ice Form          |       |     1 |     5 |    12 ||    18
       Spider Form       |       |       |       |     1 ||     1
       Blade Hands       |       |       |       |     7 ||     7
Invok: Potion Petition   |       |       |       |     5 ||     5
       Call Merchant     |       |       |       |     5 ||     5
Evoke: Lightning rod     |       |       |       |     9 ||     9
       Wand              |       |       |       |     4 ||     4
  Use: Potion            |     2 |     1 |       |     7 ||    10
       Scroll            |     1 |       |       |     6 ||     7
 Stab: Sleeping          |       |       |       |     3 ||     3
Armor: Robe              |     1 |     2 |       |    28 ||    31
       Skin              |       |       |     2 |    17 ||    19
Dodge: Dodged            |     7 |     5 |    23 |    96 ||   131
Block: Other             |       |       |       |     2 ||     2

Table legend: (Time is in decaauts)
 A = Elapsed time spent in this place.
 B = Non-inter-level travel time spent in this place.
 C = Inter-level travel time spent in this place.
 D = Time resting spent in this place.
 E = Time spent auto-exploring this place.
 F = Levels seen in this place.
 G = Mean time per level.
                   A        B        C        D        E       F      G
               +--------+--------+--------+--------+--------+-----+--------+
         Total |   3401 |   3401 |      0 |   1775 |     57 |   1 | 3401.0 |
       Dungeon |   3401 |   3401 |      0 |   1775 |     57 |   1 | 3401.0 |
               +--------+--------+--------+--------+--------+-----+--------+

Top non-repeatable levels by time:
       D: 3401 daAuts
